 Dungeon Crawl Stone Soup version 0.28.0-45-g0d030f2227 (webtiles) character file.

Game seed: 6347903316639947793

135 protoss039 the Digger (level 5, -3/28 HPs)
             Began as a Gargoyle Earth Elementalist on Apr 14, 2022.
             Slain by an orc
             ... wielding a +0 trident
              (6 damage)
             ... on level 3 of the Dungeon on Apr 15, 2022.
             The game lasted 00:05:39 (3290 turns).

protoss039 the Digger (Gargoyle Earth Elementalist) Turns: 3290, Time: 00:05:40

Health: -3/28      AC:  6    Str: 10 (11) XL:     5   Next: 18%
Magic:  3/8        EV: 12    Int: 17 (18) God:
Gold:   116        SH:  0    Dex:  8 (10) Spells: 3/9 levels left

rFire   . . .      SeeInvis .   a - +0 dagger (drain)
rCold   . . .      Faith    .   (no shield)
rNeg    + . .      Spirit   .   i - +0 robe
rPois   ∞          Reflect  .   (no helmet)
rElec   +          Harm     .   (no cloak)
rCorr   .          Rampage  .   (no gloves)
Will    .....                   (no boots)
Stlth   ++........              (no amulet)
HPRegen 0.09/turn               (no ring)
MPRegen 0.11/turn               (no ring)

@: no status effects
A: sickness immunity, AC +4, negative energy resistance 1, electricity
resistance, torment resistance 1, petrification resistance
a: no special abilities


You were on level 3 of the Dungeon.
You visited 1 branch of the dungeon, and saw 3 of its levels.

You collected 116 gold pieces.

Inventory:

Hand Weapons
 a - a +0 dagger of draining (weapon)
 o - a +4 hand axe
Missiles
 c - 133 stones
Armour
 i - a +0 robe (worn)
 n - a +0 ring mail
Scrolls
 b - a scroll of identify {unknown}
 e - a scroll of blinking {unknown}
 f - 2 scrolls of fog {unknown}
 k - a scroll of enchant weapon {unknown}
 l - a scroll of enchant armour {unknown}
Potions
 d - a potion of degeneration
 g - 2 potions of curing {unknown}
 h - 2 potions of ambrosia {unknown}
 j - a potion of heal wounds {unknown}
 m - a potion of attraction {unknown}


   Skills:
 * Level 2.8 Dodging
 - Level 3.0 Stealth
 + Level 2.5 Spellcasting
 + Level 1.2 Conjurations
 + Level 1.5 Transmutations
 + Level 4.2 Earth Magic


You had 3 spell levels left.
You knew the following spells:

 Your Spells              Type           Power      Damage    Failure   Level
a - Sandblast             Erth           32%        2d9       3%          1
b - Passwall              Tmut/Erth      10%        N/A       9%          2
c - Stone Arrow           Conj/Erth      22%        3d8       19%         3

Your spell library contained the following spells:

 Spells                   Type           Power      Damage    Failure   Level
 Petrify                  Tmut/Erth      12%        N/A       50%         4


Dungeon Overview and Level Annotations

Branches:
Dungeon (3/15)

Altars:
Trog

Shops:
D:3 =


Innate Abilities, Weirdness & Mutations

You are immune to sickness and miasma.
Your stone body is resilient. (AC +4)
You are immune to poison.
You resist negative energy. (rN+)
You are resistant to electric shocks. (rElec)
You are resistant to unholy torment.
You are immune to petrification.


Message History

You're too confused to cast spells.
The orc hits you from afar with a +0 trident.
The orc priest looks braver for a moment.
You feel less confused.
Casting: Sandblast (safe; 3% risk of failure)
Confirm with . or Enter, or press ? or * to list all spells.
Aiming: Sandblast (safe; 3% risk of failure)
Press: ? - help, Shift-Dir - straight line, p - orc priest The blast of sand hits something but does no damage.
Unknown command.
Casting: Sandblast (safe; 3% risk of failure)
Confirm with . or Enter, or press ? or * to list all spells.
Aiming: Sandblast (safe; 3% risk of failure)
Press: ? - help, Shift-Dir - straight line, f - orc priest
Aim: an orc priest, wielding a +0 dagger (severely wounded, 79% to hit)
The blast of sand hits something!
The orc hits you from afar with a +0 trident.
Unknown command.
Unknown command.
Casting: Sandblast (safe; 3% risk of failure)
Confirm with . or Enter, or press ? or * to list all spells.
Aiming: Sandblast (safe; 3% risk of failure)
Press: ? - help, Shift-Dir - straight line, f/p - orc priest
Aim: an orc priest, wielding a +0 dagger (severely wounded, 79% to hit)
The blast of sand hits the orc priest!
You kill the orc priest!
The orc hits you from afar with a +0 trident.
You hear some strange, mumbled words.
A puff of flame appears from out of thin air!
The puff of flame hits you!
* * * LOW HITPOINT WARNING * * *
Your Conjurations skill increases to level 1!
You have reached level 5!
Okay, then.
Okay, then.
It was a potion of degeneration.
There was something very wrong with that liquid.
You feel weakened.
You feel dopey.
You feel clumsy.
The orc hits you from afar with a +0 trident.
You die...

..## .##. ..<# .... ..
...# ..####. ...## ......
....# #....# ....# .
#....#### ....# ..
#.......## ....# ...
#........ ....# ....
#@{.....##### #.## ....#
...{. #...........# #...
....#
......###)o.........######
....#
...#.o...................
#####
...........##.......######
....######.#..............
...................#######
. ..#####.#.#####.# # #.
#.#.# #.#######


You could see an orc.

Vanquished Creatures
  2 orc priests (D:3)
  2 gnolls
  A worm (D:2)
  5 orcs (D:3)
  3 bats (D:1)
  5 endoplasms
  2 giant cockroaches
  11 goblins
  7 hobgoblins
  3 kobolds (D:1)
  2 quokkas
  2 frilled lizards
  4 rats
49 creatures vanquished.

Notes
Turn   | Place    | Note
-------+----------+-------------------------------------------
     0 | D:1      | protoss039 the Gargoyle Earth Elementalist began the quest
                  | for the Orb.
     0 | D:1      | Reached XP level 1. HP: 10/10 MP: 3/3
   558 | D:1      | Reached XP level 2. HP: 11/15 MP: 5/5
   733 | D:1      | Found a faded altar of an unknown god.
   802 | D:1      | Reached skill level 1 in Transmutations
  1213 | D:1      | Reached XP level 3. HP: 19/19 MP: 4/6
  1434 | D:1      | Learned a level 2 spell: Passwall
  1438 | D:1      | Learned a level 3 spell: Stone Arrow
  1935 | D:2      | Found a bloodstained altar of Trog.
  2406 | D:3      | Reached skill level 4 in Earth Magic
  2406 | D:3      | Reached XP level 4. HP: 7/24 MP: 0/7
  2666 | D:3      | Noticed a phantom
  2704 | D:3      | Found Xilateaq's Jewellery Shop.
  3290 | D:3      | Reached skill level 1 in Conjurations
  3290 | D:3      | Reached XP level 5. HP: 3/28 MP: 3/8
  3290 | D:3      | Slain by an orc

Illustrated notes

Levels and vault maps discovered:
D:1:      evilmike_arrival_hilbert_curve, layout_loops_ring,
          shapermc_ecumenical_altar_venn
D:2:      layout_basic, basic_altar, minmay_circle_x
D:3:      minmay_goblin_kobold_castle, layout_basic, serial_shops, shop,
          minivault_14, hangedman_decor_clover_reticule, uniq_ijyb

Skill      XL: |  1  2  3  4 |
---------------+-------------+-----
Transmutations | 1 |  1.5
Dodging        | 2 |  2.8
Stealth        | 3 |  3.0
Earth Magic    | 4 |  4.2
Conjurations   | 1 |  1.2
Spellcasting   | |  2.5

Action                   |  1- 3 |  4- 6 || total
-------------------------+-------+-------++-------
Melee: Short sword       |    36 |       ||    36
       Whip              |     7 |    13 ||    20
       Punch             |     4 |       ||     4
       Dagger            |    49 |    23 ||    72
 Cast: Sandblast         |    12 |    19 ||    31
  Use: Potion            |       |     1 ||     1
 Stab: Sleeping          |     4 |       ||     4
Armor: Robe              |    17 |     3 ||    20
       Ring mail         |    23 |    17 ||    40
Dodge: Dodged            |    64 |    21 ||    85
